[Event "Deutschland Grand Prix 2022"]
[Site "Dortmund"]
[Date "2022.07.22"]
[Round "5.2"]
[White "Bluebaum, Matthias"]
[Black "L'Ami, Erwin"]
[Result "1/2-1/2"]
[ECO "D33"]
[WhiteElo "2673"]
[BlackElo "2634"]
[Annotator "TA"]
[PlyCount "66"]
[EventDate "2022.07.17"]
[EventType "tourn"]
[EventCountry "GER"]
[SourceTitle "playchess.com"]
[Source "ChessBase"]
[SourceQuality "1"]
[TimeControl "40/5400+30:1800+30"]

1. d4 d5 2. c4 e6 3. Nc3 c5 4. cxd5 exd5 5. Nf3 Nc6 6. g3 Nf6 7. a3 {[%emt 0:00:24] D33: Tarrasch Defence: 6 g3 sidelines.} c4 8. Bg2 Be7 9. Bg5 O-O 10. e3 {[%emt 0:07:07] [#]} Ne8 $146 (10... Bg4 {feels hotter.} 11. h3 Be6 12. Ng1 Ne4) ({Predecessor:} 10... Be6 11. O-O h6 12. Bxf6 Bxf6 13. Kh1 Qd7 14. Ng1 b5 15. Nge2 Rab8 16. Nf4 Ne7 {½-½ (118) Warmerdam,M (2613)-Dardha,D (2555) Maastricht 2022}) 11. Bxe7 Nxe7 12. Ng1 b5 13. Nge2 a6 14. b3 Rb8 15. Nf4 Bb7 16. O-O Nf6 17. bxc4 dxc4 18. e4 Ng6 19. Nxg6 hxg6 20. d5 Qb6 {[%emt 0:01:57] Inhibits Qd4.} 21. Qb1 (21. Kh1 $11) 21... Rfe8 ({Black should play} 21... Bc8 $17) 22. Qb4 $1 $11 {[%emt 0:04:00] The position is equal.} Bc8 {[%emt 0:05:04] White should prevent ...Bd7.} 23. a4 Bd7 {[%emt 0:04:06] [#] ...a5 is the strong threat.} 24. axb5 axb5 25. h3 {[%emt 0:01:42] Inhibits Ng4.} g5 26. Ra2 g4 27. h4 Qd4 28. Rd1 Qe5 29. Ra7 Rec8 30. Rda1 Qd4 31. Ne2 Qe5 {[%emt 0:00:57] Hoping for ...c3.} 32. Nc3 Qd4 33. Ne2 Qe5 {[%emt 0:00:34] Weighted Error Value: White=0.07 (flawless) /Black=0.07 (flawless)} 1/2-1/2

[Event "Deutschland Grand Prix 2022"]
[Site "Dortmund"]
[Date "2022.07.22"]
[Round "5.3"]
[White "Navara, David"]
[Black "Svane, Rasmus"]
[Result "1/2-1/2"]
[ECO "C54"]
[WhiteElo "2688"]
[BlackElo "2649"]
[Annotator "TA"]
[PlyCount "100"]
[EventDate "2022.07.17"]
[EventType "tourn"]
[EventCountry "GER"]
[SourceTitle "playchess.com"]
[Source "ChessBase"]
[SourceQuality "1"]
[TimeControl "40/5400+30:1800+30"]

1. e4 e5 2. Nf3 Nc6 3. Bc4 Bc5 4. d3 Nf6 5. O-O d6 6. c3 a5 {[%emt 0:02:24] C54: Giuoco Piano: 4 c3 Nf6, main lines with 5 d4 and 5 d3.} 7. Re1 Ba7 8. Nbd2 O-O 9. Nf1 Be6 10. Bb5 Ne7 11. Ng3 Ng6 12. h3 c6 13. Ba4 d5 14. exd5 Nxd5 ({But not} 14... Qxd5 15. Bb3 Qd6 16. Bxe6 fxe6 17. Bg5 $14) 15. d4 exd4 16. Nxd4 Qc7 17. Ne4 {[%emt 0:13:30] [#]} Rfe8 $146 ({Predecessor:} 17... Rae8 18. Bc2 Ndf4 19. Nxe6 Rxe6 20. Be3 Bxe3 21. Rxe3 Rfe8 22. Qf1 Nh4 23. Ng5 Rxe3 24. fxe3 Nfxg2 {0-1 (35) Neiksans,A (2560)-Hovhannisyan,R (2669) Riga 2021}) 18. Bd2 Bxd4 19. cxd4 Ndf4 {[%emt 0:04:13] White must now prevent ...Bd5. Pair of Knights!} 20. Bc2 Bd5 (20... Rad8 $1 $15) 21. Qg4 {[%emt 0:04:10] [#]} (21. Nc3 $11 {remains equal.}) 21... f5 $1 $17 22. Bxf4 Qxf4 (22... fxg4 $2 23. Bxc7 gxh3 24. g3 $18) 23. Qxf4 Nxf4 24. Nd6 {[%emt 0:00:26] [#]} Rxe1+ 25. Rxe1 Nxg2 26. Re7 g6 27. Nxb7 Ra7 28. Bb3 Bxb3 29. axb3 $15 {[%emt 0:00:16][%mdl 4096] Endgame KRN-KRN} Nh4 30. Re8+ Kf7 31. Nd6+ Kf6 32. Re3 {[%emt 0:00:09] Inhibits Nf3+.} Rd7 33. Nc4 Rxd4 34. Nxa5 (34. Kf1 $17 {was necessary.}) 34... Rd1+ 35. Kh2 Rd2 (35... f4 $19 36. Rc3 Rf1) 36. Kg1 Rd1+ ({Stronger than} 36... Rxb2 37. Nxc6 Rb1+ 38. Kh2 $17) 37. Kh2 c5 38. Nb7 Rf1 ({Better is} 38... f4 $17 39. Re4 Kf5) 39. Nxc5 $11 {[%emt 0:01:52] The position is equal.} f4 40. Nd7+ $1 Kg5 41. Re5+ Nf5 42. Kg2 Rd1 43. Nc5 Kf6 44. Re6+ Kf7 {[%emt 0:00:38][%cal Of4f3] Threatens to win with ...f3+!} 45. Rb6 Nh4+ 46. Kh2 h6 47. b4 Nf3+ 48. Kg2 Nh4+ 49. Kh2 Nf3+ 50. Kg2 Nh4+ {[%emt 0:03:54] White happily takes the draw.  Weighted Error Value: White=0.12 (very precise) /Black=0.11 (very precise)} 1/2-1/2

[Event "Deutschland Grand Prix 2022"]
[Site "Dortmund"]
[Date "2022.07.23"]
[Round "6.1"]
[White "L'Ami, Erwin"]
[Black "Navara, David"]
[Result "1/2-1/2"]
[ECO "A34"]
[WhiteElo "2634"]
[BlackElo "2688"]
[Annotator "TA"]
[PlyCount "76"]
[EventDate "2022.07.17"]
[EventType "tourn"]
[EventCountry "GER"]
[SourceTitle "playchess.com"]
[Source "ChessBase"]
[SourceQuality "1"]
[TimeControl "40/5400+30:1800+30"]

1. Nf3 c5 2. c4 Nc6 3. Nc3 Nf6 4. g3 d5 5. cxd5 Nxd5 6. Bg2 g6 7. d3 Bg7 8. Bd2 Nxc3 {[%emt 0:02:42] A34: Symmetrical English: 2 Nc3, lines with ...d5.} 9. Bxc3 e5 {[%emt 0:01:28] [#]} 10. O-O $146 ({Predecessor:} 10. Nd2 Bd7 11. Nc4 O-O 12. a4 b6 13. O-O Qe7 14. e3 Rfd8 15. Re1 Rac8 16. Qb3 {1-0 (62) Le,Q (2705)-Lupulescu,C (2622) Fujairah 2012}) 10... Be6 {[%emt 0:06:33] [#]} 11. a4 (11. Nxe5 $1 $11 Nxe5 12. f4) 11... Bd5 12. Nd2 Bxg2 13. Kxg2 Qd5+ 14. Kg1 O-O 15. Qb3 Qxb3 16. Nxb3 b6 17. a5 Rfd8 18. Ra2 e4 19. dxe4 c4 $1 20. Nd2 {[%emt 0:00:50] [#] And now axb6 would win.} Bxc3 (20... b5 $15) 21. bxc3 $14 {[%emt 0:00:06] Strongly threatening axb6.} Nxa5 22. Rb1 {[%emt 0:03:10] Inhibits Nb3.} Rd7 23. Rb4 Rc8 24. f4 f6 25. Kf2 Rc5 26. h4 h5 27. Ke3 Kf7 28. Rb1 {[%emt 0:08:03] The position is equal.} Nb3 29. Nxb3 cxb3 30. Rxb3 $11 {[%emt 0:00:04][%mdl 4096] Endgame KRR-KRR} Rc4 {[%emt 0:00:40] Inhibits Ra4.} 31. Rba3 Re7 32. Rxa7 Rcxe4+ 33. Kf2 Rxe2+ $1 34. Rxe2 Rxa7 35. Rb2 Ra3 36. Rxb6 Rxc3 37. Kg2 Rc2+ 38. Kf3 Rc3+ {[%emt 0:00:02] Weighted Error Value: White=0.07 (flawless) /Black=0.08 (flawless)} 1/2-1/2

[Event "Deutschland Grand Prix 2022"]
[Site "Dortmund"]
[Date "2022.07.23"]
[Round "6.2"]
[White "Eljanov, Pavel"]
[Black "Bluebaum, Matthias"]
[Result "1-0"]
[ECO "A07"]
[WhiteElo "2681"]
[BlackElo "2673"]
[Annotator "TA"]
[PlyCount "105"]
[EventDate "2022.07.17"]
[EventType "tourn"]
[EventCountry "GER"]
[SourceTitle "playchess.com"]
[Source "ChessBase"]
[SourceQuality "1"]
[TimeControl "40/5400+30:1800+30"]

1. Nf3 d5 2. g3 Bg4 3. Bg2 e6 4. h3 Bh5 5. O-O Nf6 6. c4 {[%emt 0:00:10] A07: Réti Opening: New York and Capablanca Systems.} c6 7. Qb3 Qb6 8. d3 {[%emt 0:04:12] The position is equal.} Be7 9. Be3 Qxb3 10. axb3 Bxf3 11. Bxf3 {[%emt 0:00:11] [#]} a6 $146 ({Predecessor:} 11... Na6 12. Nc3 O-O 13. cxd5 exd5 14. d4 Nc7 15. Bd2 Ne6 16. e3 Ng5 17. Bg2 h5 {1-0 (60) Bacrot,E (2647)-Bosiocic,M (2545) Terme Catez 2021}) 12. Bd4 Nbd7 13. Bc3 O-O 14. b4 Bd6 15. Nd2 e5 {[%emt 0:13:21] aiming for ...d4.} 16. Nb3 dxc4 17. dxc4 e4 18. Bg2 Be5 19. Rfd1 Rfe8 20. Bxe5 Rxe5 21. c5 Kf8 22. Na5 Rb8 23. Rd4 (23. Nc4 $5 ) 23... Ke7 24. Rad1 Nf8 $1 25. Rd6 {[%cal Od6c6] And now Rxc6! would win.} Re6 26. R1d4 {0x0.001ebe477e30dp-1022s more active pieces. The black rooks are badly placed.} Ke8 (26... Rxd6 $14 27. cxd6+ Ke8) 27. Nc4 Ke7 28. Na5 Ke8 29. Rxe6+ {Black is on the road to losing.} Nxe6 30. Rc4 e3 31. fxe3 Nd7 32. h4 f5 (32... Kd8 $142) 33. Bh3 $16 g6 34. e4 Ne5 {[#]} 35. Rc3 ({And not} 35. exf5 Nxc4 36. Nxc4 Nd4 $15) 35... Nd4 36. Kf2 {exf5 is the strong threat.} Ke7 (36... Kf7 $142 37. Ke3 Nb5) 37. exf5 $18 Nxf5 {[#]} (37... gxf5 {is a better defense.} 38. Ke3 Nb5) 38. g4 $1 Nh6 39. Re3 Nhf7 40. Nc4 Ke6 41. g5+ Kd5 42. Nb6+ Kd4 43. Ra3 {Threatens to win with e3+.} h5 44. e3+ Ke4 45. Ke2 Ng4 46. Nd7 Rd8 47. Rd3 Kf5 48. Rd4 Re8 (48... Ra8 $142 49. Kf3 Ke6) 49. Rf4+ Ke6 50. Nf6 {White is clearly winning.} Rh8 51. Nxg4 hxg4 52. Bxg4+ Ke7 53. Re4+ {Weighted Error Value: White=0.12 (very precise) /Black=0.20 (precise)} 1-0

[Event "Deutschland Grand Prix 2022"]
[Site "Dortmund"]
[Date "2022.07.23"]
[Round "6.3"]
[White "Deac, Bogdan-Daniel"]
[Black "McShane, Luke J"]
[Result "1-0"]
[ECO "E53"]
[WhiteElo "2692"]
[BlackElo "2649"]
[Annotator "TA"]
[PlyCount "113"]
[EventDate "2022.07.17"]
[EventType "tourn"]
[EventCountry "GER"]
[SourceTitle "playchess.com"]
[Source "ChessBase"]
[SourceQuality "1"]
[TimeControl "40/5400+30:1800+30"]

1. d4 Nf6 2. c4 e6 3. Nc3 Bb4 4. e3 O-O 5. Bd3 d5 6. a3 Bxc3+ 7. bxc3 dxc4 8. Bxc4 c5 9. Nf3 Qc7 10. Be2 Nc6 {[%emt 0:06:41] E53: Nimzo-Indian: Rubinstein: Main Line (4...0-0 5 Nf3 d5 6 Bd3 c5 7 0-0).} 11. Bb2 $5 {[%emt 0:00:39][%mdl 4] A promising side line.} Rd8 12. Qc2 {[%emt 0:01:31] [#]} Bd7 $146 {[%emt 0:05:56] The position is equal.} ({Predecessor:} 12... e5 13. dxe5 Nxe5 14. c4 Nxf3+ 15. gxf3 Ne8 16. f4 b6 17. Rg1 f6 18. Bd3 Rxd3 19. Qxd3 {1-0 (62) Predke,A (2580)-Gelfand,B (2650) Riga 2021}) 13. O-O Rac8 14. Rac1 Ne7 15. Bd3 Ng6 16. Qe2 Bc6 17. Nd2 e5 {[%emt 0:02:52] Against f4} 18. g3 h5 19. e4 (19. Bf5 $5 ) 19... cxd4 20. cxd4 exd4 21. f4 {[%emt 0:00:32] Inhibits Ne5.} h4 22. Nf3 hxg3 23. hxg3 Qb6 24. Ng5 {[%emt 0:08:58] And now e5 would win.} Bb5 $1 25. Rcd1 Nf8 26. Rd2 (26. Rf2 $11 Bxd3 27. Rxd3) 26... Rc3 27. Bxb5 $11 {[%emt 0:01:31] Threatens to win with Bd3.} Rxg3+ 28. Kh2 d3 {[%emt 0:01:18] [#]} 29. Qd1 Qe3 30. Bxf6 gxf6 31. Rf3 Rxf3 32. Nxf3 {[%emt 0:00:11] Hoping for Qg1+. Dancing on a razor blade.} Ng6 $2 (32... Qxf4+ $11 {and Black stays safe.} 33. Kh1 Ne6) 33. f5 $18 ({Worse is} 33. Bxd3 Nxf4 34. Bf1 Rxd2+ 35. Nxd2 Qf2+ 36. Kh1 Qh4+ 37. Kg1 Qg5+ 38. Kh1 Qh6+ 39. Kg1 Qg5+ 40. Kh1 Qh6+ 41. Kg1 Qg5+ $11) ({Weaker is} 33. Rxd3 Rxd3 34. Bxd3 (34. Qxd3 Qf2+ 35. Kh1 Nxf4 $14) 34... Nxf4 $14) 33... Qh6+ 34. Kg1 Qe3+ 35. Kh1 Ne5 (35... a6 $16) 36. Nxe5 fxe5 37. Qg1+ Qxg1+ 38. Kxg1 {[%emt 0:00:06][%mdl 4096] Endgame KRB-KR} Rd4 39. Bxd3 Ra4 40. Ra2 b5 (40... Rd4 $142 41. Bc2 Kf8) 41. Bxb5 {[%emt 0:31:11] White is clearly winning.} Rxe4 42. Re2 {[%emt 0:00:05] Prevents Re3.} Rxe2 43. Bxe2 {[%emt 0:00:00] KB-K3P} Kg7 44. Kf2 Kf6 45. Bd3 Ke7 46. Kf3 f6 47. Kg4 Kf7 48. Kh5 Kg7 49. Bb5 Kh7 50. Be8 Kg7 51. Bg6 a6 52. a4 a5 53. Be8 Kf8 54. Bb5 Kg7 55. Bc6 Kh7 56. Be8 Kg7 57. Bg6 {[%emt 0:00:00] Weighted Error Value: White=0.11 (very precise) /Black=0.42} 1-0

[Event "Deutschland Grand Prix 2022"]
[Site "Dortmund"]
[Date "2022.07.24"]
[Round "7.1"]
[White "Bluebaum, Matthias"]
[Black "Deac, Bogdan-Daniel"]
[Result "1/2-1/2"]
[ECO "D11"]
[WhiteElo "2673"]
[BlackElo "2692"]
[Annotator "TA"]
[PlyCount "120"]
[EventDate "2022.07.17"]
[EventType "tourn"]
[EventCountry "GER"]
[SourceTitle "playchess.com"]
[Source "ChessBase"]
[SourceQuality "1"]
[TimeControl "40/5400+30:1800+30"]

1. d4 d5 2. c4 c6 3. e3 Nf6 4. Qc2 g6 5. Nf3 Bg7 6. Be2 {[%emt 0:00:04] D11: Slav Defence: 3 Nf3 sidelines and 3...Nf6 4 e3 Bg4.} O-O 7. O-O Bg4 8. h3 Bxf3 9. Bxf3 {[%emt 0:00:02] [#]} e6 $146 ({Predecessor:} 9... dxc4 10. Na3 Nbd7 11. Nxc4 Qc7 12. Bd2 Rac8 13. Rac1 Rfe8 14. Rfd1 Qb8 15. b4 Nb6 {1-0 (47) Predke,A (2682)-Jumabayev,R (2631) Warsaw 2021}) 10. Nc3 Nbd7 11. b3 Rc8 12. Ba3 Re8 13. Bd6 e5 14. dxe5 Nxe5 15. Bxe5 Rxe5 16. cxd5 cxd5 17. Qd3 {[%emt 0:01:54] Inhibits Ne4.} Ne4 18. Nxe4 dxe4 19. Bxe4 Rxe4 20. Qxe4 Bxa1 21. Rxa1 $14 {[%emt 0:00:09][%mdl 4096] Endgame KQR-KQR} b6 22. a4 a5 23. b4 axb4 24. Qxb4 Rc2 25. Qf4 h5 26. Rb1 h4 27. Rb4 g5 (27... Rc1+ $16 {was worth a try.} 28. Kh2 Rc2 29. Qxh4 Qxh4 30. Rxh4 Rxf2) 28. Rd4 $18 Qe7 {[%emt 0:00:24] [#]} 29. Qd6 ({Don't do} 29. Qb8+ $6 Kg7 $14) ({Better is} 29. Qf5 $1 $18 Rc7 30. Qd3) 29... Qxd6 $14 30. Rxd6 {[%emt 0:00:02] KR-KR} Ra2 31. Rd4 {[%emt 0:02:22] Black must now prevent f4.} f6 32. f4 {[%emt 0:01:22] fxg5 is the strong threat.} Kf7 33. fxg5 fxg5 34. Rb4 Ke7 35. Kf1 Kf7 36. Rb5 (36. Rxb6 $5 Rxa4 37. Ke2 $14) 36... g4 {[%emt 0:00:37] The position is equal.} 37. hxg4 Rxa4 38. Rxb6 {[%emt 0:00:29] [#] And now g5 would win.} Rxg4 39. Kf2 Kg7 40. Rd6 Rg5 41. Rd4 Rh5 42. Rg4+ Kf6 43. Rf4+ Kg5 44. Rf3 Kg4 45. Rf8 Rh7 46. Ke2 Rg7 47. Kf2 Rh7 48. Rf6 h3 49. gxh3+ Rxh3 50. Ke2 Rh1 51. Kd3 Kg5 52. Rf8 Ra1 53. e4 Ra3+ 54. Kd4 Ra4+ 55. Kd5 Ra5+ 56. Kd6 Ra6+ 57. Kd7 Ra7+ 58. Kd8 Ra8+ 59. Ke7 Rxf8 60. Kxf8 Kf4 {[%emt 0:00:05] Weighted Error Value: White=0.06 (flawless) /Black=0.05 (flawless)} 1/2-1/2

[Event "Deutschland Grand Prix 2022"]
[Site "Dortmund"]
[Date "2022.07.24"]
[Round "7.2"]
[White "Navara, David"]
[Black "Eljanov, Pavel"]
[Result "1/2-1/2"]
[ECO "D35"]
[WhiteElo "2688"]
[BlackElo "2681"]
[Annotator "TA"]
[PlyCount "81"]
[EventDate "2022.07.17"]
[EventType "tourn"]
[EventCountry "GER"]
[SourceTitle "playchess.com"]
[Source "ChessBase"]
[SourceQuality "1"]
[TimeControl "40/5400+30:1800+30"]

1. d4 Nf6 2. c4 e6 3. Nf3 d5 4. Nc3 Nbd7 5. cxd5 exd5 6. Bf4 c6 7. Qc2 Nh5 8. Bg5 Be7 9. Bxe7 Qxe7 10. e3 g6 {[%emt 0:02:57] D35: Queen's Gambit Declined: Exchange Variation.} 11. O-O-O {[%emt 0:01:50] The old main line.} Nb6 12. Bd3 Bg4 13. h3 Bxf3 14. gxf3 O-O-O 15. Qb3 {[%emt 0:04:58] [#]} Qc7 $146 ({Predecessor:} 15... f5 16. a4 Kb8 17. a5 Nc8 18. a6 b6 19. f4 Nf6 20. Kb1 Ne4 21. Nxe4 fxe4 {½-½ (29) Lindsalu,I (2082)-Horak,J (2162) IECG email 2005}) 16. Kb1 Kb8 17. Rc1 Nf6 18. Rc2 Nc8 19. Na4 Nb6 20. Rhc1 Nfd7 21. Nc3 Qh2 22. Qb4 Qxh3 ({Better is} 22... Nc8 $14) 23. a4 $1 $16 Qe6 24. a5 Nc4 25. Bxc4 (25. Ne2 $16) 25... dxc4 $14 26. Ne4 {[%emt 0:00:24] Inhibits c5. And now a6 would win.} c5 27. dxc5 Ne5 28. Nd6 Qd5 (28... Rd7 $11) 29. Rxc4 {[%emt 0:19:12] White is more active.} (29. Nxc4 Nd3 30. Qa3 Nxc1 31. Rxc1 Qd3+ 32. Qxd3 Rxd3 $17) (29. Rd2 $16 Qc6 30. Rcd1) 29... Nxc4 $11 30. Rxc4 {[%emt 0:00:06][%cal Oc5c6] Black must now prevent c6!} Rd7 31. a6 Qxf3 32. Nxb7 Ka8 (32... Qxf2 $2 33. Nd6+ Kc7 34. Qb7+ Kd8 35. Qc8+ Ke7 36. Qxh8 $18) 33. c6 $2 (33. Rd4 $11) 33... Rc7 $1 $17 34. Qd6 Rhc8 35. e4 Qxf2 {[%emt 0:03:39] Threatens to win with ...Qf1+.} (35... Rxc6 $2 36. Qd5 $1 Qh1+ 37. Ka2 $18) 36. Rd4 Qf1+ (36... Rxc6 37. Qxc6 $3 Kb8 38. Qd6+ Rc7 39. Ka2 Qf1 40. Nc5 Qb5 41. Rb4 $3 Qxb4 42. Qd8+ Rc8 43. Nd7+ Ka8 44. Qxc8+) 37. Rd1 Qe2 (37... Qf3 $19 38. Qd5 (38. Nc5 $2 Qe2 $17) 38... Qe2) 38. Rd4 {[%emt 0:00:52][%cal Od6c7] aiming for Qxc7!} Qf1+ (38... Rxc6 39. Qxc6 $3 Kb8 40. Qd6+ Ka8 41. Nc5 Qe1+ 42. Rd1 Qb4 43. Qd5+ Kb8 44. Nd7+ Kc7 45. Rc1+) (38... Qxa6 $2 39. Qxc7 $3 Qf1+ 40. Ka2 Qa6+ 41. Kb3 (41. Qa5 Rxc6 42. Rb4 g5 $11) 41... Qb5+ 42. Ka3 Qa6+ 43. Kb4 Qxc6 44. Qxc6 Rxc6 45. Na5 Rb6+ 46. Kc4 $18) 39. Rd1 Qe2 ({Black should try} 39... Qf3 $19 40. Qd5 (40. Nc5 $2 Qe2 $17) 40... Qe2) 40. Rd4 {[%emt 0:01:04][%cal Od6c7] Hoping for Qxc7! Really sharp!} Qf1+ (40... Rxc6 {[#] leads to mate.} 41. Qxc6 $3 Kb8 42. Qd6+ Ka8 43. Nc5 Qe1+ 44. Rd1 Qb4 45. Qd5+ Kb8 46. Nd7+ Kc7 47. Rc1+) (40... Qxa6 $2 41. Qxc7 $3 Qf1+ 42. Ka2 Qa6+ 43. Kb3 (43. Qa5 Rxc6 44. Rb4 g5 $11) 43... Qb5+ 44. Ka3 Qxc6 45. Qxc6 Rxc6 46. Na5 $18) (40... Qg4 $142 41. Nc5 Qg5) 41. Rd1 {[%emt 0:00:23] Weighted Error Value: White=0.15 (very precise) /Black=0.24 (precise)} 1/2-1/2

[Event "Deutschland Grand Prix 2022"]
[Site "Dortmund"]
[Date "2022.07.24"]
[Round "7.3"]
[White "Svane, Rasmus"]
[Black "L'Ami, Erwin"]
[Result "1/2-1/2"]
[ECO "A37"]
[WhiteElo "2649"]
[BlackElo "2634"]
[Annotator "TA"]
[PlyCount "118"]
[EventDate "2022.07.17"]
[EventType "tourn"]
[EventCountry "GER"]
[SourceTitle "playchess.com"]
[Source "ChessBase"]
[SourceQuality "1"]
[TimeControl "40/5400+30:1800+30"]

1. Nf3 c5 2. c4 Nc6 3. Nc3 e5 4. g3 g6 5. Bg2 Bg7 6. a3 a5 7. d3 Nge7 {[%emt 0:00:21] 7...Nge7 is better than 7...d6. A37: Symmetrical English vs ...g6: 4 Bg2 Bg7 5 Nf3.} 8. Nd2 O-O 9. Nf1 Rb8 10. Rb1 d6 11. Ne3 Bd7 12. Bd2 Nd4 13. b4 axb4 14. axb4 cxb4 15. Rxb4 b5 16. cxb5 Nxb5 {[%emt 0:00:16] [#]} 17. Ned5 $146 ({Predecessor:} 17. O-O Nd4 18. Rxb8 Qxb8 19. Ned5 Nec6 20. e3 Ne6 21. Qc2 Nb4 22. Nxb4 Qxb4 23. Rb1 {1-0 (39) Matamoros Franco,C (2525)-Cu Hor,W (2259) Tromsoe 2014}) 17... Nxd5 18. Nxd5 Nc7 19. O-O Nxd5 20. Bxd5 Qe7 21. Qb3 Rxb4 22. Bxb4 Rc8 23. Ba3 Bf8 24. Rb1 Qe8 25. Qa2 Bc6 26. Rb6 Qd7 27. Qc4 Bxd5 28. Qxd5 Re8 29. e4 Rd8 30. Rb7 Qe8 31. Kg2 Rd7 (31... Rb8 $11) 32. Rb6 (32. Qc6 $16 Rd8 33. Qxe8 Rxe8 34. Rd7) 32... Qe7 33. h4 Kg7 34. Bc1 {[%emt 0:01:03] White is much more active.} h5 35. Bg5 f6 36. Be3 Qf7 37. Qa8 {[%emt 0:00:52] Hoping for Rb8.} Kh7 38. Rb8 Bg7 39. Qc6 d5 {[%emt 0:00:53] The position is equal.} 40. Rb5 dxe4 (40... d4 $5 41. Bd2 Rc7 $11) 41. dxe4 Rc7 42. Qa8 Qd7 43. Rb6 Qf7 44. Rb8 Rd7 45. Qc6 Rc7 46. Qb5 (46. Qd6 {seems wilder.} Qd7 47. Qb4 Qd1 48. Kh2) 46... Rd7 (46... Qd7 {with more complications.} 47. Qb3 Qf7 48. Qb6 Qc4) 47. Qb3 (47. Kh2 {looks sharper.} g5 48. Qe2 g4 49. Qa6) 47... Qxb3 (47... Bh6 {feels hotter.} 48. Qa3 Bxe3 49. Qxe3 Rb7) 48. Rxb3 $11 {[%emt 0:00:00][%mdl 4096] Endgame KRB-KRB} Rc7 49. Kf3 Kg8 50. Rb4 Kf7 51. g4 hxg4+ 52. Kxg4 Bf8 53. Ra4 Be7 54. h5 gxh5+ 55. Kxh5 Rb7 56. Kg4 Kg6 57. Ra7 Rxa7 58. Bxa7 Bd6 59. Be3 Be7 {[%emt 0:00:00] Weighted Error Value: White=0.07 (flawless) /Black=0.06 (flawless)} 1/2-1/2